 Dungeon Crawl Stone Soup version 0.19.4 (webtiles) character file.

255 Jerry the Shield-Bearer (level 6, 47/47 HPs)
             Began as a Formicid Fighter on Feb 4, 2017.
             Quit the game on level 2 of the Dungeon.
             The game lasted 00:03:10 (1224 turns).

Jerry the Shield-Bearer (Formicid Fighter)          Turns: 1224, Time: 00:03:10

Health: 47/47      AC:  8    Str: 21    XL:     6   Next: 38%
Magic:  6/6        EV:  8    Int:  9    God:
Gold:   63         SH: 10    Dex: 10    Spells: 0 memorised, 5 levels left

rFire  . . .     SeeInvis +     a - +0 long sword
rCold  . . .     Gourm    +     b - +0 scale mail
rNeg   . . .     Faith    .     c - +0 shield
rPois  .         Spirit   .     (helmet unavailable)
rElec  .         Reflect  .     (no cloak)
rCorr  .         Harm     .     l - +0 pair of gloves
MR     .....                    (no boots)
Stlth  ..........               k - amulet of the gourmand
                                (no ring)
                                (no ring)

@: no status effects
A: permanent stasis, dig shafts and tunnels, four strong arms, antennae 3
a: Dig, Shaft Self


You were on level 2 of the Dungeon.
You were completely stuffed.

You visited 1 branch of the dungeon, and saw 2 of its levels.

You collected 63 gold pieces.

Inventory:

Hand Weapons
 a - a +0 long sword (weapon)
Armour
 b - a +0 scale mail (worn)
 c - a +0 shield (worn)
 l - a +0 pair of gloves (worn)
Jewellery
 k - an amulet of the gourmand (around neck)
Scrolls
 e - 2 scrolls of identify {unknown}
 h - 4 scrolls of random uselessness {unknown}
Potions
 i - a potion of haste {unknown}
 m - a potion of flight {unknown}
Comestibles
 f - 3 bread rations
 j - 3 meat rations
 n - 2 fruits


   Skills:
 - Level 3.2 Fighting
 + Level 3.9 Long Blades
 + Level 4.8 Armour
 + Level 5.6 Shields


You had 5 spell levels left.
You didn't know any spells.

Dungeon Overview and Level Annotations

Branches:
Dungeon (2/15)

Altars:


Innate Abilities, Weirdness & Mutations

You are under a permanent stasis effect.
You can dig through walls and to a lower floor.
Your four strong arms can wield two-handed weapons with a shield.
You have a pair of large antennae on your head. (SInv)


Message History

The kobold closely misses you.
Items here: )) ††† a club x2; a kobold corpse; an adder corpse; a goblin corpse You closely miss the kobold.
The kobold completely misses you.
You riposte.
You barely miss the kobold. You closely miss the kobold.
The kobold hits you but does no damage. You block the kobold's attack.
You hit the kobold.
The kobold is severely wounded.
The kobold barely misses you.
You completely miss the kobold.
The kobold is severely wounded.
You block the kobold's attack.
You slash the kobold!
You kill the kobold!
No target in view!
No target in view!
You start resting.
HP restored.
Are you sure you want to abandon this character and quit the game? (Confirm with "yes".)

...........
##..........
#...........
#...........
#...(......#
#$.........#
#..†........
####.....<.....
###((@)..............
#...###............. .
#.##..#...............
# #)...#..............
#...)#......>......$
#..#..##..............
##.###..).#....#......
#.....##.####)..>....
#......#.))))..#.....


There were no monsters in sight!

Vanquished Creatures
  Sigmund (D:2)
  Robin (D:2)
  2 adders (D:2)
  2 oozes (D:1)
  A dart slug (D:1)
  2 leopard geckos
  4 bats (D:1)
  2 giant cockroaches (D:1)
  12 hobgoblins
  A quokka (D:2)
  A ball python (D:2)
  2 frilled lizards
  12 goblins
  6 kobolds
  4 rats
53 creatures vanquished.

Notes
Turn   | Place    | Note
-------+----------+-------------------------------------------
     0 | D:1      | Jerry the Formicid Fighter began the quest for the Orb.
     0 | D:1      | Reached XP level 1. HP: 18/18 MP: 1/1
   130 | D:1      | Reached skill level 4 in Shields
   130 | D:1      | Reached XP level 2. HP: 20/24 MP: 2/2
   325 | D:1      | Reached XP level 3. HP: 29/29 MP: 3/3
   840 | D:2      | Noticed Sigmund
   852 | D:2      | Noticed Robin
   856 | D:2      | Killed Sigmund
   856 | D:2      | Reached skill level 5 in Shields
   856 | D:2      | Reached XP level 4. HP: 23/35 MP: 4/4
   856 | D:2      | Reached XP level 5. HP: 27/41 MP: 5/5
   856 | D:2      | Reached XP level 6. HP: 31/47 MP: 6/6
   858 | D:2      | Killed Robin
  1224 | D:2      | Quit the game

Skill      XL: |  1  2  3 |
---------------+----------+-----
Shields        | 4 5 |  5.6
Long Blades    | 3 |  3.9
Armour         | 4 |  4.8
Fighting       | |  3.2

Action                   |  1- 3 |  4- 6 || total
-------------------------+-------+-------++-------
Melee: Long sword        |   115 |    65 ||   180
  Use: Potion            |     1 |       ||     1
  Eat: Chunk             |     1 |    11 ||    12
Armor: Scale mail        |    39 |    25 ||    64
Dodge: Dodged            |    51 |    29 ||    80
Block: Shield            |    61 |    42 ||   103
       Rpst.: Long sword |    17 |     9 ||    26
